 Dungeon Crawl Stone Soup version 0.31.0-32-g396128a36d (webtiles) character file.

Game seed: 15846787392141872085

14 ChadusMaximus the Caller (level 2, 0/21 HPs)
             Began as a Barachi Summoner on Mar 8, 2024.
             Slain by a gnoll
             ... wielding a +0 spear
              (9 damage)
             ... on level 1 of the Dungeon.
             The game lasted 00:00:47 (781 turns).

ChadusMaximus the Caller (Barachi Summoner)          Turns: 781, Time: 00:00:48

Health: 0/21       AC:  2    Str:  9    XL:     2   Next: 45%
Magic:  2/5        EV: 12    Int: 15    God:
Gold:   11         SH:  0    Dex: 12    Spells: 4/5 levels left

rFire   . . .        d - +2 dagger (pain)
rCold   . . .        (no shield)
rNeg    . . .        a - +0 robe
rPois   .            (no helmet)
rElec   .            (no cloak)
rCorr   .            (no gloves)
SInv    .            (no boots)
Will    .....        (no amulet)
Stlth   ++           (no ring)
HPRegen 0.23/turn    (no ring)
MPRegen 0.09/turn

%: no passive effects
@: slow
A: amphibious, slowness 1, strong legs 1, +LOS
a: Hop


You were on level 1 of the Dungeon.
You visited 1 branch of the dungeon, and saw 1 of its levels.

You collected 11 gold pieces.

Inventory:

Hand Weapons
 d - a +2 dagger of pain (weapon)
Armour
 a - a +0 robe (worn)
Scrolls
 e - a scroll of amnesia {unknown}
Potions
 b - a potion of magic
 c - a potion of might {unknown}


   Skills:
 + Level 1.0 Fighting
 - Level 2.1 Dodging
 - Level 1.7 Stealth
 + Level 2.4 Spellcasting
 * Level 5.2 Summonings


You had 4 spell levels left.
You knew the following spells:

 Your Spells              Type           Power      Damage    Failure   Level
a - Summon Small Mammal   Summ           68%        N/A       2%          1

Your spell library contained the following spells:

 Spells                   Type           Power      Damage    Failure   Level
 Call Imp                 Summ           34%        N/A       3%          2
 Call Canine Familiar     Summ           17%        N/A       8%          3
 Summon Blazeheart Golem  Fire/Summ      9%         N/A       58%         4
 Summon Lightning Spire   Summ/Air       9%         N/A       58%         4


Dungeon Overview and Level Annotations

Branches:
Dungeon (1/15)

Altars:

Shops:
D:1 [


Innate Abilities, Weirdness & Mutations

You are amphibious.
You cover ground slowly.
You can hop short distances.
You have an extended range of vision and can be seen from far away.


Message History

The dart slug misses you.
There are monsters nearby!
Casting: Summon Small Mammal (safe; 2% risk of failure)
Confirm with . or Enter, or press ? or * to list all spells.
A bat comes into view.
Casting: Summon Small Mammal (safe; 2% risk of failure)
Confirm with . or Enter, or press ? or * to list all spells.
The dart slug bites you.
You swap places.
Your bat hits the dart slug.
Your bat hits the dart slug but does no damage.
Your quokka bites the dart slug but does no damage.
The dart slug bites your quokka but does no damage.
Casting: Summon Small Mammal (safe; 2% risk of failure)
Confirm with . or Enter, or press ? or * to list all spells.
You don't know that spell.
Your bat barely misses the bat.
The bat closely misses your quokka.
Your quokka bites the dart slug.
The bat hits your quokka. The dart slug bites your quokka.
Your bat completely misses the bat.
Casting: Summon Small Mammal (safe; 2% risk of failure)
Confirm with . or Enter, or press ? or * to list all spells.
You don't know that spell.
Unknown command.
The bat hits you.
There are no items here.
Unknown command.
The bat barely misses your quokka.
Your bat hits the dart slug.
Your quokka closely misses the bat.
The dart slug launches a dart at your quokka.
The slug dart hits your quokka.
Your quokka dies!
Your quokka's corpse disappears in a puff of smoke!
Casting: Summon Small Mammal (safe; 2% risk of failure)
Confirm with . or Enter, or press ? or * to list all spells.
The bat hits you but does no damage.
The gnoll hits you from afar with a +0 spear.
Your bat hits the dart slug. x2
Your bat hits the gnoll but does no damage.
The bat misses you. The gnoll attacks as it pursues you!
The gnoll hits you from afar with a +0 spear!
You die...

.###.#.# #.#.......# #.#....
.......# #.#.......# #.#.#..
####.).### #.#.......# #.#.###
######...###.#.......######.†....
.............#...................
######.#####.#############...####
#............................#
#.####.############r.#####.#.#
.........#......@bg..w..##.#.#
#.####.#............b...##.#.#
#......#......................
......................#.......
.......#(.............#........
......................#......!
#########.............# ......
############.########## ....>.
.........# #.# ......


You could see a gnoll, a dart slug (distracted, ally target), a bat (ally
target), a friendly bat (summoned) and a friendly rat (summoned).

Vanquished Creatures
  2 endoplasms (D:1)
  2 goblins (D:1)
  2 quokkas (D:1)
  2 bats (D:1)
  A frilled lizard (D:1)
9 creatures vanquished.

Vanquished Creatures (collateral kills)
  A dart slug (D:1)
  A goblin (D:1)
  A rat (D:1)
3 creatures vanquished.

Grand Total: 12 creatures vanquished

Notes
Turn   | Place    | Note
-------+----------+-------------------------------------------
     0 | D:1      | ChadusMaximus the Barachi Summoner began the quest for the
                  | Orb.
     0 | D:1      | Reached XP level 1. HP: 13/13 MP: 3/3
   109 | D:1      | Reached skill level 5 in Summonings
   147 | D:1      | Reached XP level 2. HP: 12/20 MP: 5/5
   361 | D:1      | Found Untij's Armour Boutique.
   401 | D:1      | Reached skill level 1 in Fighting
   781 | D:1      | Slain by a gnoll

Illustrated notes

Levels and vault maps discovered:
D:1:      dpeg_arrival_connections, layout_basic, serial_shops,
          nicolae_shop_tiny_glass

Skill      XL: |  1  2 |
---------------+-------+-----
Summonings     | 5 |  5.2
Fighting       | 1 |  1.0
Dodging        | |  2.1
Stealth        | |  1.7
Spellcasting   | |  2.4

Action                     || total
---------------------------++-------
  Melee: Unarmed           ||     8
         Dagger            ||    36
   Cast: Summon Small Mamm ||    13
   Stab: Sleeping          ||     2
 Armour: Robe              ||    20
  Dodge: Dodged            ||    35
